Map: Ultralove

Players

Ormando - Winner!

  • Race: Zerg Zerg
  • League: Diamond
  • Spawn Location: 1:00

ManlyManMeat

  • Race: Zerg Zerg
  • League: Diamond
  • Spawn Location: 7:00

VOD

Have the link to the VOD?

Description

Time

  • Played on: July 3, 2025, 2:17 p.m.
  • Length: 11:50
Show
View Real Time Build Order
Export as new Build Order

Ormando Zerg - Winner!

Build Orders: Hatch First 

Get SALT Encoding   

  12  0:00  Drone  
  13  0:09  Drone  
  14  0:23  Extractor  
  14  0:24  Drone, Extractor  
  14  0:25  Drone  
  16  0:44  Hatchery  
  16  0:48  Overlord  
  15  1:04  Spawning Pool  
  14  1:07  Drone  
  15  1:13  Drone  
  16  1:20  Drone x2  
  18  1:32  Drone  
  19  1:40  Drone  
  20  1:51  Drone  
  21  1:57  Queen x2  
  21  1:58  Drone  
  26  2:08  Overlord  
  26  2:09  Drone  
  27  2:15  Drone  
  27  2:16  Extractor x2  
  27  2:21  Drone  
  27  2:23  Drone  
  28  2:31  Drone  
  29  2:40  Drone x2  
  30  2:52  Drone x2  
  32  2:59  Spine Crawler  
  31  3:09  Drone x3  
  31  3:10  Drone x2  
  36  3:22  Evolution Chamber  
  36  3:25  Evolution Chamber  
  36  3:26  Overlord  
  34  3:27  Overlord x2  
  34  3:28  Drone x2  
  34  3:30  Extractor  
  35  3:39  Drone  
  36  3:44  Roach Warren  
  36  3:48  Overlord  
  35  3:49  Drone x3  
  35  3:50  Drone x3  
  35  3:52  Zerg Missile Weapons Level 1  
  35  3:55  Drone  
  42  3:57  Drone  
  43  4:05  Zerg Ground Armor Level 1  
  43  4:06  Drone  
  43  4:08  Drone  
  45  4:11  Pneumatized Carapace  
  45  4:14  Drone  
  45  4:15  Drone  
  47  4:17  Drone  
  47  4:23  Lair, Extractor  
  47  4:37  Drone x3  
  47  4:38  Drone x2  
  52  4:47  Overlord x2  
  52  5:00  Overlord  
  52  5:01  Roach x3  
  52  5:02  Roach  
  60  5:17  Overlord x3  
  60  5:19  Roach x3  
  60  5:20  Roach x2  
  70  5:32  Roach  
  70  5:33  Roach x3  
  78  5:39  Roach x2  
  82  5:51  Zerg Missile Weapons Level 2  
  82  5:55  Roach x5  
  92  5:57  Overlord  
  92  6:07  Glial Reconstitution  
  92  6:09  Ravager x4  
  96  6:17  Roach  
  96  6:18  Roach x5  
  108  6:22  Hatchery  
  107  6:29  Roach x4  
  115  6:37  Overlord  
  115  6:39  Overlord  
  103  7:06  Roach x7  
  103  7:07  Roach  
  111  7:20  Roach  
  111  7:21  Roach x3  
  115  7:34  Roach x2  
  77  7:53  Roach x6  
  87  8:08  Roach x4  
  87  8:09  Roach x4  
  87  8:11  Queen  
  105  8:21  Ravager x5  
  105  8:26  Drone x2  
  105  8:27  Drone, Extractor x2, Roach x3  
  113  8:28  Roach x3  
  123  8:48  Zerg Ground Armor Level 2  
  123  8:58  Roach  
  123  8:59  Roach x6  
  123  9:01  Overlord x6  
  137  9:20  Overlord  
  137  9:21  Overlord x2  
  143  9:24  Roach x3  
  143  9:30  Infestation Pit  
  142  9:32  Hydralisk Den  
  141  9:43  Overlord x3  
  141  9:48  Hatchery  
  140  9:55  Roach x5  
  134  10:07  Roach  
  134  10:08  Roach x5  
  134  10:12  Hydralisk, Grooved Spines  
  148  10:27  Ravager x6  
  148  10:28  Ravager  
  155  10:29  Roach x2  
  155  10:30  Roach x6  
  130  10:59  Roach  
  130  11:00  Roach x9  
  122  11:08  Roach x3  
  122  11:09  Roach  
  128  11:27  Roach x6  
Show
View Real Time Build Order
Export as new Build Order

ManlyManMeat Zerg 

Build Orders: Hatch First 

Get SALT Encoding   

  12  0:00  Drone  
  13  0:08  Drone  
  14  0:16  Drone, Extractor  
  15  0:22  Overlord  
  15  0:40  Drone  
  16  0:51  Drone  
  16  0:55  Drone  
  18  0:58  Hatchery  
  17  1:08  Spawning Pool  
  16  1:12  Drone, Extractor  
  16  1:15  Drone  
  17  1:19  Drone  
  18  1:28  Drone  
  19  1:36  Drone  
  20  1:56  Zergling x2  
  20  1:59  Overlord  
  21  2:09  Queen x2  
  21  2:12  Zergling x4  
  27  2:21  Metabolic Boost  
  27  2:25  Drone x2  
  29  2:34  Baneling Nest  
  28  2:46  Hatchery  
  27  2:52  Drone x2  
  28  3:10  Drone x2  
  28  3:11  Drone x3  
  33  3:23  Drone x2, Roach Warren  
  33  3:24  Extractor  
  33  3:25  Drone x2  
  35  3:51  Drone x2, Evolution Chamber  
  35  3:52  Overlord x3  
  35  3:54  Evolution Chamber  
  35  4:05  Lair  
  35  4:07  Drone x3  
  35  4:08  Drone  
  38  4:10  Drone  
  39  4:22  Zerg Ground Armor Level 1, Zerg Missile Weapons Level 1  
  39  4:30  Drone x2  
  41  4:31  Drone  
  41  4:32  Drone x2  
  41  4:34  Drone  
  41  4:36  Drone  
  41  4:37  Drone  
  47  4:40  Drone  
  47  4:41  Drone  
  47  4:43  Drone  
  47  4:45  Drone  
  51  5:03  Overlord x3  
  51  5:12  Roach x7  
  65  5:20  Extractor  
  65  5:21  Overlord x2  
  64  5:22  Glial Reconstitution  
  66  5:28  Roach x2  
  66  5:34  Drone x3  
  71  5:36  Extractor  
  71  5:39  Roach x2  
  74  5:47  Roach x2  
  78  5:58  Drone x3  
  78  5:59  Roach x3  
  87  6:07  Roach x3  
  93  6:13  Roach  
  93  6:17  Zergling x2  
  96  6:20  Ravager  
  96  6:24  Overlord x5  
  97  6:30  Ravager, Extractor x2  
  96  6:33  Overlord x2  
  96  6:53  Roach x10  
  105  7:06  Roach x5  
  96  7:19  Roach x6  
  104  7:31  Roach x2  
  92  7:43  Roach x2  
  88  7:47  Roach  
  81  7:55  Roach  
  81  7:56  Queen  
  81  7:58  Zerg Missile Weapons Level 2, Queen  
  87  8:04  Roach x2  
  91  8:08  Ravager x2  
  93  8:15  Ravager  
  93  8:18  Zergling x4  
  96  8:26  Ravager  
  97  8:30  Ravager  
  97  8:31  Zergling x6  
  98  8:46  Roach x3  
  98  8:47  Hatchery  
  98  8:48  Hatchery  
  100  8:58  Roach  
  100  8:59  Roach  
  101  9:11  Roach  
  101  9:12  Roach x4  
  109  9:24  Roach x2  
  109  9:31  Roach x2  
  115  9:49  Hatchery  
  115  9:50  Hatchery  
  108  10:05  Roach x10  
  116  10:14  Roach x2  
  120  10:26  Roach x2  
  120  10:27  Ravager  
  120  10:28  Ravager x2  
  126  10:29  Ravager  
  128  10:42  Ravager  
  98  11:02  Roach  
  98  11:03  Roach  
  98  11:04  Roach x7  
  110  11:15  Ravager x3  
  110  11:17  Zergling x8  
Tags
 
Matchup
ZvZ
Race
Zerg
Replay Pack
Myownreplay2
Spawn Locations
Cross Positions
Add a new tag
Caveats
  • Supply blocks, unpowered buildings, or Contaminate may cause inaccurate times.
  • Supply counts are checked every 10 seconds.